 Dungeon Crawl Stone Soup version 0.27-a0-1434-g6f15984924 (webtiles) character file.

Game seed: 15384774415727708291

69 Delamore the Skirmisher (level 4, 0/37 HPs)
             Began as a Formicid Fighter on July 3, 2021.
             Slain by Crazy Yiuf (18 damage)
             ... on level 2 of the Dungeon.
             The game lasted 00:01:15 (1678 turns).

Delamore the Skirmisher (Formicid Fighter)          Turns: 1678, Time: 00:01:15

Health: 0/37       AC:  9    Str: 22    XL:     4   Next: 42%
Magic:  0/4        EV:  8    Int:  7    God:
Gold:   89         SH: 10    Dex: 10    Spells: 3/3 levels left

rFire    . . .     SeeInvis +   a - +0 quarterstaff
rCold    . . .     Faith    .   c - +1 kite shield
rNeg     . . .     Spirit   .   b - +0 scale mail
rPois    .         Reflect  .   (helmet unavailable)
rElec    .         Harm     .   p - +0 cloak
rCorr    .         Rampage  .   k - +0 pair of gloves
Will     .....                  (no boots)
Stlth    ..........             (no amulet)
HPRegen  0.12/turn              j - ring of wizardry
MPRegen  0.09/turn              (no ring)

@: no status effects
A: permanent stasis, dig shafts and tunnels, antennae 3, four strong arms
a: Dig, Shaft Self


You were on level 2 of the Dungeon.
You visited 1 branch of the dungeon, and saw 2 of its levels.

You collected 89 gold pieces.

Inventory:

Hand Weapons
 a - a +0 quarterstaff (weapon)
Missiles
 e - 24 poisoned darts
Armour
 b - a +0 scale mail (worn)
 c - a +1 kite shield (worn)
 k - a +0 pair of gloves (worn)
 p - a +0 cloak (worn)
Jewellery
 h - a ring of ice
 j - a ring of wizardry (left hand)
 n - an amulet of faith
Scrolls
 m - a scroll of magic mapping
Potions
 d - a potion of might
 f - a potion of haste
 g - a potion of mutation {unknown}


   Skills:
 + Level 4.1 Fighting
 * Level 3.7 Staves
 - Level 3.2 Armour
 - Level 3.6 Shields


You had 3 spell levels left.
You didn't know any spells.
Your spell library contained the following spells:

 Spells                   Type           Power      Damage    Failure   Level
 Olgreb's Toxic Radiance  Pois           0%         N/A       100%        4
 Ozocubu's Refrigeration  Ice            0%         4d5       100%        7
 Ignition                 Fire           0%         3d3       100%        8


Dungeon Overview and Level Annotations

Branches:
Dungeon (2/15)

Altars:

Annotations:
D:2 Crazy Yiuf


Innate Abilities, Weirdness & Mutations

You cannot be hasted, slowed, berserked, paralysed or teleported.
You can dig through walls and to a lower floor.
You have a pair of large antennae on your head. (SInv)
Your four strong arms can wield two-handed weapons with a shield.


Message History

You thump the rat!
You kill the rat!
No target in view!
No target in view!
No target in view!
No target in view!
No target in view!
No target in view!
You see here a rat corpse.
There is a stone staircase leading down here.
Crazy Yiuf shouts!
Crazy Yiuf yells, "Whippet blue Orb Guardian!"
Could not explore, unopened runed door.
Could not explore, unopened runed door.
Could not explore, unopened runed door.
As you read the scroll labelled KEAPENA RAUSCHO, it crumbles to dust.
You feel aware of your surroundings.
It was a scroll of magic mapping.
As you read the scroll labelled IFAYTEOVIN, it crumbles to dust.
It is a scroll of enchant armour.
Your +0 kite shield glows green for a moment.
As you read the scroll labelled KOBRAME BEIGIBABI, it crumbles to dust.
You feel a strange sense of stasis.
It was a scroll of teleportation.
As you read the scroll labelled IDIAQ NEZE, it crumbles to dust.
It is a scroll of identify.
f - a potion of haste
As you read the scroll labelled SYNLOQ IROO, it crumbles to dust.
You assume a fearsome visage.
Nothing appears to happen.
It was a scroll of fear.
Crazy Yiuf screams, "Snower!"
You open the door. You sock Crazy Yiuf!
Crazy Yiuf is severely wounded.
Crazy Yiuf drinks a potion.
Crazy Yiuf goes berserk!
You hit Crazy Yiuf.
Crazy Yiuf is almost dead.
Crazy Yiuf hits you with a +2 quarterstaff of chaos!!
Ouch! That really hurt!
You feel your power leaking away.
Crazy Yiuf hits you with a +2 quarterstaff of chaos!!
You die...

####.#####.####....#
......>....# #....#
.###.####.## ♣....♣
####.# #.# ♣♣...♣
...#.# #.# ♣♣.♣♣
##.#.# #.# ♣♣.♣
##<#.# #.# ♣.♣♣
.....# #.# ♣♣.♣
##.### #.# ♣@♣♣
##.## #.# *#g#*
....# #.## *...*
##..# #..# #...#
##..######## #)..#
.....(.....# #####
##..######## ....#
###.#


You could see Crazy Yiuf (berserk).

Vanquished Creatures
  2 adders (D:2)
  2 worms (D:2)
  2 dart slugs
  3 endoplasms
  A giant cockroach (D:1)
  A goblin (D:1)
  4 hobgoblins
  3 jackals (D:2)
  4 kobolds
  A quokka (D:1)
  4 ball pythons
  5 bats
  2 frilled lizards (D:2)
  9 rats
43 creatures vanquished.

Notes
Turn   | Place    | Note
-------+----------+-------------------------------------------
     0 | D:1      | Delamore the Formicid Fighter began the quest for the Orb.
     0 | D:1      | Reached XP level 1. HP: 18/18 MP: 1/1
    49 | D:1      | Reached XP level 2. HP: 20/24 MP: 2/2
   647 | D:2      | Reached XP level 3. HP: 18/30 MP: 3/3
   854 | D:2      | Found a runed translucent door.
   855 | D:2      | Noticed Crazy Yiuf
  1250 | D:2      | Reached XP level 4. HP: 37/37 MP: 4/4
  1341 | D:2      | Reached skill level 4 in Fighting
  1678 | D:2      | Slain by Crazy Yiuf

Illustrated notes

Levels and vault maps discovered:
D:1:      ebering_hopf_link, layout_rooms
D:2:      kennysheep_six_static_rooms, layout_loops_ring, minmay_circle_x,
          uniq_crazy_yiuf_cottage

Skill      XL: |  1  2  3  4 |
---------------+-------------+-----
Staves         | 3 |  3.7
Fighting       | 4 |  4.1
Armour         | |  3.2
Shields        | |  3.6

Action                   |  1- 3 |  4- 6 || total
-------------------------+-------+-------++-------
Melee: Quarterstaff      |    82 |    31 ||   113
  Use: Scroll            |       |     5 ||     5
Armor: Scale mail        |    41 |     9 ||    50
Dodge: Dodged            |    31 |    11 ||    42
Block: Kite shield       |    53 |    19 ||    72

Table legend: (Time is in decaauts)
 A = Elapsed time spent in this place.
 B = Non-inter-level travel time spent in this place.
 C = Inter-level travel time spent in this place.
 D = Time resting spent in this place.
 E = Time spent auto-exploring this place.
 F = Levels seen in this place.
 G = Mean time per level.
                   A        B        C        D        E       F      G
               +--------+--------+--------+--------+--------+-----+--------+
         Total |   1714 |   1711 |      3 |      0 |   1419 |   2 |  857.0 |
       Dungeon |   1714 |   1711 |      3 |      0 |   1419 |   2 |  857.0 |
               +--------+--------+--------+--------+--------+-----+--------+

Top non-repeatable levels by time:
     D:2: 1103 daAuts
     D:1: 610 daAuts
